 Dungeon Crawl Stone Soup version 0.28.0-45-g0d030f2227 (webtiles) character file.

Game seed: 1198340532662343879

546 protoss039 the Skirmisher (level 7, -5/55 HPs)
             Began as a Demonspawn Earth Elementalist on May 28, 2022.
             Was a Follower of Vehumet.
             Killed from afar by Ijyb (17 damage)
             ... with a bolt of acid
             ... on level 5 of the Dungeon.
             The game lasted 00:08:04 (4629 turns).

protoss039 the Skirmisher (DsEE)                    Turns: 4629, Time: 00:08:05

Health: -5/55      AC:  5    Str:  7 (8)  XL:     7   Next: 6%
Magic:  0/12       EV: 12    Int: 17 (18) God:    Vehumet [*.....]
Gold:   212        SH:  0    Dex: 13 (14) Spells: 7/13 levels left

rFire   . . .      SeeInvis .   m - +1 hand axe (vorpal)
rCold   . . .      Faith    .   (no shield)
rNeg    . . .      Spirit   .   b - +1 robe
rPois   .          Reflect  .   o - +0 helmet
rElec   .          Harm     .   (no cloak)
rCorr   .          Rampage  .   (no gloves)
Will    .....                   p - +0 pair of boots
Stlth   +.........              (no amulet)
HPRegen 0.18/turn               (no ring)
MPRegen 0.13/turn               (no ring)

@: confused, mighty, attractive, hasted, very quick
A: spiny 1, demonic touch 1
a: Renounce Religion


You were on level 5 of the Dungeon.
You worshipped Vehumet.
Vehumet was aware of your devotion.
You visited 1 branch of the dungeon, and saw 5 of its levels.

You collected 212 gold pieces.

Inventory:

Hand Weapons
 f - a +0 short sword of draining
 m - a +1 vorpal hand axe (weapon)
Missiles
 c - 49 stones
Armour
 b - a +1 robe (worn)
 o - a +0 helmet (worn)
 p - a +0 pair of boots (worn)
Wands
 u - a wand of digging (5)
Scrolls
 a - 2 scrolls of teleportation
 d - 2 scrolls of magic mapping {unknown}
 g - a scroll of enchant armour
 i - a scroll of brand weapon {unknown}
 j - a scroll of fog {unknown}
 k - 2 scrolls of fear {unknown}
 n - a scroll of amnesia {unknown}
 s - a scroll of immolation {unknown}
Potions
 h - a potion of curing
 r - a potion of degeneration


   Skills:
 * Level 4.5 Fighting
 + Level 2.7 Armour
 - Level 1.7 Dodging
 - Level 1.7 Stealth
 + Level 3.6 Spellcasting
 - Level 1.0 Transmutations
 + Level 4.0 Earth Magic


You had 7 spell levels left.
You knew the following spells:

 Your Spells              Type           Power      Damage    Failure   Level
a - Sandblast             Erth           32%        2d9       3%          1
b - Passwall              Tmut/Erth      9%         N/A       9%          2
c - Stone Arrow           Conj/Erth      18%        3d8       22%         3

Your spell library contained the following spells:

 Spells                   Type           Power      Damage    Failure   Level
 Foxfire                  Conj/Fire      12%        2x1d4     17%         1
 Petrify                  Tmut/Erth      11%        N/A       50%         4
 Summon Ice Beast         Ice/Summ       3%         N/A       86%         4
 Summon Mana Viper        Hex/Summ       3%         N/A       99%         5
 Monstrous Menagerie      Summ           1%         N/A       100%        7


Dungeon Overview and Level Annotations

Branches:
Dungeon (5/15)
 Temple: D:4-7

Altars:
Hepliaklqana
Nemelex Xobeh
Vehumet
Wu Jian

Annotations:
D:5 Ijyb


Innate Abilities, Weirdness & Mutations

You are partially covered in sharp spines.
Your touch may inflict minor irresistible damage on your foes.


Message History

Unknown command.
Unknown command.
You cannot teleport because you are held in place by your roots.
Unknown command.
Okay, then.
Okay, then.
Unknown command.
Unknown command.
It was a potion of degeneration.
There was something very wrong with that liquid.
You feel weakened.
You feel dopey.
You feel clumsy.
Unknown command.
Unknown command.
It was a potion of curing.
You feel better.
You feel less wooden.
Your +0 helmet unmelds from your body.
Your +0 pair of boots unmelds from your body.
Your +1 robe unmelds from your body.
Unknown command.
Unknown command.
It was a potion of attraction.
You feel attractive to monsters.
The orc wizard points at you and mumbles some strange words.
You are confused.
Ijyb is attracted toward you. The orc wizard is attracted toward you.
The orc is attracted toward you.
Unknown command.
Unknown command.
It was a potion of might.
You feel very mighty all of a sudden.
The orc shouts!
Ijyb hits you with a +0 club.
* * * LOW HITPOINT WARNING * * *
The orc wizard is attracted toward you. The orc is attracted toward you.
Unknown command.
Unknown command.
Unknown command.
It was a potion of haste.
You feel yourself speed up.
Ijyb zaps a wand.
The bolt of acid hits you!
You die...

..............#
..............#
..............#
..............#
..........!...#
........§.§...#
..........§...#
.........ogo..##.#
..........@......##
..................#
#.######.####......
# ##.#### .....
#..§..# .(..
#..†..# ... #.....#
.. #.....# .
#.....#


You could see Ijyb, an orc wizard and an orc.

Vanquished Creatures
  A necrophage (D:4)
  An ogre (D:4)
  A phantom (D:5)
  A scorpion (D:4)
  An iguana (D:5)
  A scorpion zombie (D:5)
  An orc wizard (D:3)
  6 adders
  A howler monkey skeleton (D:4)
  An ufetubus (D:4)
  An adder skeleton (D:4)
  2 worms (D:2)
  2 dart slugs (D:3)
  8 orcs
  4 bats
  6 endoplasms
  3 giant cockroaches
  7 goblins
  7 hobgoblins
  8 kobolds
  3 quokkas
  12 ball pythons
  A frilled lizard (D:1)
  4 rats
83 creatures vanquished.

Notes
Turn   | Place    | Note
-------+----------+-------------------------------------------
     0 | D:1      | protoss039 the Demonspawn Earth Elementalist began the
                  | quest for the Orb.
     0 | D:1      | Reached XP level 1. HP: 13/13 MP: 3/3
    76 | D:1      | Reached skill level 1 in Transmutations
   279 | D:1      | Reached skill level 1 in Fighting
   279 | D:1      | Gained mutation: Your touch may inflict minor irresistible
                  | damage on your foes. [demonic ancestry]
   279 | D:1      | Reached XP level 2. HP: 4/21 MP: 0/5
   599 | D:1      | Found a faded altar of an unknown god.
  1179 | D:1      | Learned a level 2 spell: Passwall
  1206 | D:2      | Reached XP level 3. HP: 26/26 MP: 3/6
  1570 | D:2      | Found a radiant altar of Vehumet.
  1582 | D:2      | Became a worshipper of Vehumet
  1601 | D:2      | Reached skill level 1 in Armour
  2435 | D:2      | Learned a level 3 spell: Stone Arrow
  2481 | D:3      | Found a radiant altar of Vehumet.
  2517 | D:3      | Reached XP level 4. HP: 33/33 MP: 3/7
  3597 | D:4      | Noticed a scorpion
  3602 | D:4      | Killed a scorpion
  3602 | D:4      | Reached * piety under Vehumet
  3602 | D:4      | Offered knowledge of Foxfire by Vehumet.
  3603 | D:4      | Gained mutation: You are partially covered in sharp spines.
                  | [demonic ancestry]
  3603 | D:4      | Reached XP level 5. HP: 32/41 MP: 3/9
  3785 | D:4      | Found a hazy altar of Hepliaklqana.
  3901 | D:4      | Found a sparkling altar of Nemelex Xobeh.
  4000 | D:4      | Found an ornate altar of the Wu Jian Council.
  4115 | D:4      | Noticed a necrophage
  4127 | D:4      | Killed a necrophage
  4128 | D:4      | Reached XP level 6. HP: 48/48 MP: 6/10
  4511 | D:5      | Entered Level 5 of the Dungeon
  4559 | D:5      | Noticed an orc warrior
  4571 | D:5      | Noticed Ijyb
  4625 | D:5      | Reached XP level 7. HP: 11/55 MP: 0/12
  4629 | D:5      | Killed from afar by Ijyb

Illustrated notes

Levels and vault maps discovered:
D:1:      dpeg_arrival_renting, layout_loops_ring,
          shapermc_ecumenical_altar_starsandcircs
D:2:      layout_loops_ring, basic_altar
D:3:      layout_loops_ring, lemuel_tele_altar,
          amcnicky_mini_rare_corridor_liquid
D:4:      layout_rooms, mainiacjoe_overflow_paths,
          nemelex_xobeh_ov_fountains_minmay, nzn_wu_jian_contemplation,
          kennysheep_generic_room_9
D:5:      layout_basic, lemuel_round_altar, uniq_ijyb

Skill      XL: |  1  2  3  4  5  6 |
---------------+-------------------+-----
Transmutations | 1 |  1.0
Fighting       | 1 2 3 4 |  4.5
Armour         | 1 2 |  2.7
Earth Magic    | 3 4 |  4.0
Spellcasting   | 3 |  3.6
Dodging        | |  1.7
Stealth        | |  1.7

Action                   |  1- 3 |  4- 6 |  7- 9 || total
-------------------------+-------+-------+-------++-------
Melee: Unarmed           |     8 |       |       ||     8
       Dagger            |    23 |    23 |       ||    46
       Touch             |     4 |    12 |       ||    16
       Short sword       |       |    58 |       ||    58
       Hand axe          |       |    22 |       ||    22
 Cast: Sandblast         |    59 |    47 |       ||   106
       Stone Arrow       |       |     1 |       ||     1
  Use: Scroll            |       |     3 |       ||     3
       Potion            |       |     2 |     5 ||     7
 Stab: Sleeping          |     3 |     2 |       ||     5
       Distracted        |       |     1 |       ||     1
Armor: Robe              |     4 |    10 |       ||    14
       Skin              |       |    52 |       ||    52
Dodge: Dodged            |    31 |    50 |       ||    81
